 Dungeon Sprint DCSS version 0.18.1-48-g4cf74bf (webtiles) character file.

5886 Joat the Bludgeoner (level 10, 72/72 HPs)
             Began as a Minotaur Berserker on Aug 17, 2016.
             Was a High Priest of Trog.
             Starved to death
             ... while paralysed
             ... in the Dungeon (Sprint I: "Red Sonja").
             The game lasted 00:11:58 (1380 turns).

Joat the Bludgeoner (Minotaur Berserker)            Turns: 1380, Time: 00:11:58

Health: 72/72      AC:  2    Str: 19    XL:     10   Next: 52%
Magic:  2/2        EV:  2    Int:  0    God:    Trog [*****.]
Gold:   107        SH:  0    Dex:  8    Spells: 0 memorised, 9 levels left

rFire  . . .     SeeInvis .     n - +4 dire flail (antimagic)
rCold  + . .     Gourm    .     b - +0 animal skin
rNeg   . . .     Faith    .     (shield currently unavailable)
rPois  .         Spirit   .     (helmet restricted)
rElec  .         Dismiss  .     (no cloak)
rCorr  .         Reflect  .     (no gloves)
SustAt .         Harm     .     (no boots)
MR     .....     Rnd*Rage +     (no amulet)
Stlth  +......... NoTele   +    (no ring)
                                (no ring)

@: paralysed, fainting, slowed, lost intelligence, not resistant to hostile
enchantments, very unstealthy
A: retaliatory headbutt, horns 2, berserk 3, blurry vision 3, clumsy 2, cold
resistance 1, deformed body, deterioration 2, dopey 2, frail 3, low mp 3,
screaming 3, weak 2, subdued magic 3, MP-powered wands
a: Berserk, Trog's Hand, Brothers in Arms, Burn Spellbooks, Renounce Religion


You were in the Dungeon.
You worshipped Trog.
Trog was extremely pleased with you.
You were fainting.

You visited 1 branch You collected 513 gold pieces.
You spent 406 gold pieces at shops.

Inventory:

Hand Weapons
 a - a +0 mace
 n - a +4 antimagic dire flail (weapon)
Missiles
 e - 7 curare-tipped needles
Armour
 b - a +0 animal skin (worn)
Scrolls
 c - a scroll of remove curse {unknown}
 i - a scroll of blinking
Potions
 d - 3 potions of curing
 f - 2 potions of haste
 g - 2 potions of magic
 h - a potion of berserk rage
 j - a potion of lignification
 k - a potion of flight {unknown}
 l - 2 potions of heal wounds
Books
 m - a book of Spatial Translocations

   Spells                             Type                      Level
   a - Apportation                    Translocation                1
   b - Blink                          Translocation                2
   c - Shroud of Golubria             Charms/Translocation         2
   d - Portal Projectile              Translocation                3
   e - Teleport Other                 Translocation                3
   f - Passage of Golubria            Translocation                4
   Trog disapproves of the use of such an item.


   Skills:
 + Level 14.7 Fighting
 * Level 20.0 Maces & Flails
 + Level 14.6 Armour
 - Level 2.1 Dodging


You had 9 spell levels left.
You didn't know any spells.

Dungeon Overview and Level Annotations

Branches:
Dungeon (1/1)

Altars:
Cheibriados
Dithmenos
Elyvilon
Fedhas
Gozag
Kikubaaqudgha
Makhleb
Nemelex Xobeh
Okawaru
Pakellas
Qazlal
Ru
Sif Muna
Trog
Vehumet
Xom
Yredelemnul
Zin
The Shining One
Jiyva

Shops:
D !}!!:(


Innate Abilities, Weirdness & Mutations

You reflexively headbutt those who attack you in melee.
You have a pair of horns on your head.
You have an uncontrollable temper.
Scrolls take you much longer to read.
You are very clumsy. (Dex -4)
Your flesh is cold resistant.
Armour fits poorly on your strangely shaped body.
Your body often deteriorates upon taking damage.
You are very dopey. (Int -4)
You are extremely frail (-30% HP).
Your magical capacity is extremely low (-30% MP).
You frequently scream uncontrollably at your foes.
You are very weak. (Str -4)
Your spells are much easier to cast, but much less powerful.
You expend magic power (3 MP) to strengthen your wands.


Message History

Your system completely accepts artificial healing.
You sock the shining eye!
You kill the shining eye!
Trog accepts your kill.
Your Maces & Flails skill increases to level 20!
There is a huge open gate here.
You see here a runed dire flail {god gift}.
n - a runed dire flail {god gift} Wield which item (- for none, * to show all)? (? for menu, Esc to quit)
You feel magic leave you.
n - a +4 antimagic dire flail (weapon)
You open the huge gate.
Found four shops.
There is a huge open gate here.
There is an entrance to Fyggamep's Gadget Shoppe here.
There is an entrance to Jimiufol's Distillery here.
There is an entrance to Cimena's Antique Weapon Boutique here.
You lose consciousness!
You have starved to death.
You die...

#........#
#+#
#..#.....#
#........#
#.....#..#
#........#
#..#.....#
#........#
###''''###
#∩......@#
#........#
#∩......∩#
##########


There were no monsters in sight!

Vanquished Creatures
  8 shining eyes (D)
  2 kobold demonologists (D)
  A slime creature (D)
  Sigmund (D)
  A yak (D)
  5 giant eyeballs (D)
  An ogre (D)
  A jelly (D)
  Ijyb (D)
21 creatures vanquished.

Vanquished Creatures (collateral kills)
  2 centaur warriors (D)
2 creatures vanquished.

Vanquished Creatures (others)
  Sonja (D)
  A gargoyle (D)
2 creatures vanquished.

Grand Total: 25 creatures vanquished

Notes
Turn   | Place    | Note
--------------------------------------------------------------
     0 | D        | Joat the Minotaur Berserker began the quest for the Orb.
     0 | D        | Reached XP level 1. HP: 19/19 MP: 0/0
     2 | D        | Noticed Ijyb
    10 | D        | Killed Ijyb
    10 | D        | Reached skill level 7 in Maces & Flails
    10 | D        | Reached XP level 2. HP: 26/26 MP: 1/1
    52 | D        | Noticed an ogre
    57 | D        | Killed an ogre
    57 | D        | Reached ** piety under Trog
    57 | D        | Reached skill level 9 in Maces & Flails
    57 | D        | Reached skill level 5 in Armour
    57 | D        | Reached XP level 3. HP: 37/37 MP: 2/2
    57 | D        | Reached XP level 4. HP: 44/44 MP: 3/3
   121 | D        | Noticed Sigmund
   128 | D        | Killed Sigmund
   128 | D        | Reached skill level 11 in Maces & Flails
   128 | D        | Reached XP level 5. HP: 53/53 MP: 4/4
   184 | D        | Found a deep blue altar of Sif Muna.
   186 | D        | Found a radiant altar of Vehumet.
   194 | D        | Reached XP level 6. HP: 29/61 MP: 5/5
   352 | D        | Found Paeqacha's Distillery.
   352 | D        | Found a white marble altar of Elyvilon.
   352 | D        | Found a stormy altar of Qazlal.
   352 | D        | Found a burning altar of Makhleb.
   352 | D        | Found a sacrificial altar of Ru.
   352 | D        | Found an oddly glowing altar of Pakellas.
   352 | D        | Found a basalt altar of Yredelemnul.
   352 | D        | Found a glowing golden altar of the Shining One.
   352 | D        | Found a sparkling altar of Nemelex Xobeh.
   352 | D        | Found a shimmering altar of Xom.
   352 | D        | Found an opulent altar of Gozag.
   352 | D        | Found an ancient bone altar of Kikubaaqudgha.
   352 | D        | Found a glowing silver altar of Zin.
   352 | D        | Noticed a yak
   355 | D        | Killed a yak
   355 | D        | Reached *** piety under Trog
   355 | D        | Reached skill level 12 in Maces & Flails
   356 | D        | Found an iron altar of Okawaru.
   357 | D        | Found a bloodstained altar of Trog.
   361 | D        | Bought a potion of curing for 33 gold pieces
   361 | D        | Bought a potion of curing for 33 gold pieces
   361 | D        | Bought a potion of curing for 33 gold pieces
   361 | D        | Bought a potion of haste for 110 gold pieces
   361 | D        | Bought a potion of lignification for 33 gold pieces
   361 | D        | Bought a potion of agility for 44 gold pieces
   404 | D        | Found a snail-covered altar of Cheibriados.
   404 | D        | Found a viscous altar of Jiyva.
   404 | D        | Found a shadowy altar of Dithmenos.
   404 | D        | Found a blossoming altar of Fedhas.
   404 | D        | Noticed a slime creature
   412 | D        | Killed a slime creature
   412 | D        | Reached skill level 13 in Maces & Flails
   412 | D        | Reached XP level 7. HP: 50/71 MP: 6/6
   416 | D        | Killed a gargoyle
   590 | D        | Noticed a kobold demonologist
   592 | D        | Noticed a kobold demonologist
   592 | D        | Reached skill level 10 in Fighting
   594 | D        | Noticed an orange demon
   594 | D        | Noticed a chaos spawn
   599 | D        | Noticed a smoke demon
   599 | D        | Killed a kobold demonologist
   599 | D        | Reached **** piety under Trog
   599 | D        | Reached skill level 14 in Maces & Flails
   599 | D        | Reached skill level 10 in Armour
   604 | D        | Killed a kobold demonologist
   604 | D        | Reached skill level 15 in Maces & Flails
   604 | D        | Reached XP level 8. HP: 82/82 MP: 7/7
   792 | D        | Noticed a centaur warrior
   792 | D        | Noticed a centaur warrior
   799 | D        | Killed a centaur warrior
   802 | D        | Killed a centaur warrior
   802 | D        | Reached skill level 16 in Maces & Flails
  1075 | D        | Noticed Sonja
  1096 | D        | Killed Sonja
  1096 | D        | Reached skill level 17 in Maces & Flails
  1096 | D        | Reached XP level 9. HP: 35/92 MP: 8/8
  1200 | D        | Found Cyrerphua's Distillery.
  1208 | D        | Bought a potion of heal wounds for 60 gold pieces
  1208 | D        | Bought a potion of heal wounds for 60 gold pieces
  1211 | D        | Noticed a shining eye
  1211 | D        | Noticed a shining eye
  1211 | D        | Noticed a shining eye
  1211 | D        | Noticed a shining eye
  1211 | D        | Noticed a shining eye
  1211 | D        | Noticed a shining eye
  1212 | D        | Gained mutation: Your body sometimes deteriorates upon taking damage. [a shining eye]
  1212 | D        | Gained mutation: Your flesh is cold resistant. [a shining eye]
  1213 | D        | Gained mutation: Your magical capacity is low (-10% MP). [a shining eye]
  1216 | D        | Gained mutation: You occasionally shout uncontrollably at your foes. [a shining eye]
  1216 | D        | Paralysed by a giant eyeball for 4 turns
  1217 | D        | Gained mutation: Scrolls take you a little longer to read. [a shining eye]
  1218 | D        | Gained mutation: You are clumsy. (Dex -2) [a shining eye]
  1219 | D        | Gained mutation: You expend magic power (3 MP) to strengthen your wands. [a shining eye]
  1224 | D        | Gained mutation: You tend to lose your temper in combat. [a shining eye]
  1226 | D        | Killed a shining eye
  1226 | D        | Paralysed by a giant eyeball for 2 turns
  1227 | D        | Gained mutation: You are frail (-10% HP). [a shining eye]
  1229 | D        | Gained mutation: You sometimes yell uncontrollably at your foes. [a shining eye]
  1230 | D        | Gained mutation: You regenerate slowly when monsters are visible. [a shining eye]
  1230 | D        | Gained mutation: Scrolls take you longer to read. [a shining eye]
  1231 | D        | Paralysed by a giant eyeball for 3 turns
  1232 | D        | Gained mutation: Your magical capacity is very low (-20% MP). [a shining eye]
  1234 | D        | Gained mutation: You are very clumsy. (Dex -4) [a shining eye]
  1237 | D        | Gained mutation: Your body often deteriorates upon taking damage. [a shining eye]
  1238 | D        | Reached ***** piety under Trog
  1238 | D        | Gained mutation: You are very frail (-20% HP). [a shining eye]
  1241 | D        | Gained mutation: Scrolls take you much longer to read. [a shining eye]
  1242 | D        | Reached skill level 18 in Maces & Flails
  1242 | D        | Gained mutation: Armour fits poorly on your strangely shaped body. [a shining eye]
  1243 | D        | Gained mutation: You are weak. (Str -2) [a shining eye]
  1248 | D        | Gained mutation: You are extremely frail (-30% HP). [a shining eye]
  1248 | D        | Lost mutation: You expend magic power (3 MP) to strengthen your wands. [a shining eye]
  1249 | D        | Gained mutation: You are very weak. (Str -4) [a shining eye]
  1250 | D        | Paralysed by a giant eyeball for 4 turns
  1250 | D        | Gained mutation: You often lose your temper in combat. [a shining eye]
  1250 | D        | Gained mutation: You expend magic power (3 MP) to strengthen your wands. [a shining eye]
  1251 | D        | Gained mutation: You have an uncontrollable temper. [a shining eye]
  1251 | D        | Gained mutation: Your magical capacity is extremely low (-30% MP). [a shining eye]
  1253 | D        | Gained mutation: You do not regenerate naturally when monsters are visible. [a shining eye]
  1258 | D        | Paralysed by a giant eyeball for 4 turns
  1258 | D        | Gained mutation: You do not regenerate naturally. [a shining eye]
  1259 | D        | Gained mutation: You are dopey. (Int -2) [a shining eye]
  1260 | D        | Gained mutation: Your spells are a little easier to cast, but a little less powerful. [a shining eye]
  1261 | D        | Lost intelligence.
  1261 | D        | Gained mutation: You are very dopey. (Int -4) [a shining eye]
  1262 | D        | Gained mutation: Your spells are easier to cast, but less powerful. [a shining eye]
  1265 | D        | Gained mutation: Your spells are much easier to cast, but much less powerful. [a shining eye]
  1265 | D        | Lost mutation: Scrolls take you much longer to read. [a shining eye]
  1267 | D        | Killed a shining eye
  1267 | D        | Received a gift from Trog
  1269 | D        | Paralysed by a giant eyeball for 2 turns
  1269 | D        | Gained mutation: You frequently scream uncontrollably at your foes. [a shining eye]
  1271 | D        | Gained mutation: Scrolls take you much longer to read. [a shining eye]
  1272 | D        | Lost mutation: You do not regenerate naturally. [a shining eye]
  1272 | D        | Lost mutation: You do not regenerate naturally when monsters are visible. [a shining eye]
  1274 | D        | Gained mutation: You do not regenerate naturally when monsters are visible. [a shining eye]
  1276 | D        | Gained mutation: You do not regenerate naturally. [a shining eye]
  1276 | D        | Lost mutation: You do not regenerate naturally. [a shining eye]
  1280 | D        | Gained mutation: You do not regenerate naturally. [a shining eye]
  1283 | D        | Killed a shining eye
  1283 | D        | Reached XP level 10. HP: 71/71 MP: 6/6
  1290 | D        | Killed a shining eye
  1290 | D        | Reached skill level 19 in Maces & Flails
  1292 | D        | Lost mutation: You do not regenerate naturally. [a shining eye]
  1292 | D        | Gained mutation: You do not regenerate naturally. [a shining eye]
  1295 | D        | Lost mutation: You do not regenerate naturally. [a shining eye]
  1296 | D        | Gained mutation: You do not regenerate naturally. [a shining eye]
  1304 | D        | Lost mutation: You do not regenerate naturally. [a shining eye]
  1305 | D        | Lost mutation: You do not regenerate naturally when monsters are visible. [a shining eye]
  1308 | D        | Killed a shining eye
  1314 | D        | Lost mutation: Armour fits poorly on your strangely shaped body. [a shining eye]
  1315 | D        | Killed a shining eye
  1316 | D        | Noticed a shining eye
  1316 | D        | Noticed a shining eye
  1320 | D        | Gained mutation: Armour fits poorly on your strangely shaped body. [a shining eye]
  1326 | D        | Lost mutation: You regenerate slowly when monsters are visible. [a shining eye]
  1329 | D        | Killed a shining eye
  1332 | D        | Gained mutation: Potions and wands are less effective at restoring your health. [a shining eye]
  1335 | D        | Gained mutation: Potions and wands are poor at restoring your health. [a shining eye]
  1339 | D        | Lost mutation: Potions and wands are poor at restoring your health. [a shining eye]
  1341 | D        | Lost mutation: Potions and wands are less effective at restoring your health. [a shining eye]
  1342 | D        | Killed a shining eye
  1342 | D        | Reached skill level 20 in Maces & Flails
  1357 | D        | Found Fyggamep's Gadget Shoppe.
  1357 | D        | Found Bocin's Book Shop.
  1357 | D        | Found Jimiufol's Distillery.
  1357 | D        | Found Cimena's Antique Weapon Boutique.
  1372 | D        | Paralysed by fainting for 11 turns
  1380 | D        | Starved to death

Skill      XL: |  1  2  3  4  5  6  7  8  9 10 |
---------------+-------------------------------+-----
Maces & Flails | 7 9 11 13 15 17 18 20 | 20.0
Fighting       | 6 7 8 9 11 12 13 14 | 14.7
Armour         | 5 7 9 10 12 13 14 | 14.6
Dodging        | |  2.1

Action                   |  1- 3 |  4- 6 |  7- 9 | 10-12 || total
-------------------------+-------+-------+-------+-------++-------
Melee: Mace              |    11 |    19 |    74 |    55 ||   159
       Headbutt          |       |     4 |    22 |    16 ||    42
Invok: Berserk           |     2 |     3 |     1 |       ||     6
       Trog's Hand       |       |       |     1 |       ||     1
       Brothers in Arms  |       |       |     1 |       ||     1
  Use: Potion            |       |       |     3 |       ||     3
  Eat: Chunk             |       |     1 |       |       ||     1
       Bread ration      |       |     1 |       |       ||     1
Armor: Animal skin       |       |       |     2 |       ||     2
Dodge: Dodged            |     2 |     5 |    35 |       ||    42
